 Dungeon Crawl Stone Soup version 0.17-a0-1914-gde4187c (webtiles) character file.

97798 hexophile the Severer (level 15, -11/128 HPs)
             Began as a Minotaur Berserker on Sept 26, 2015.
             Was the Champion of Trog.
             Blown up by an orb spider (44 damage)
             ... with an orb of destruction
             ... on level 1 of the Spider Nest.
             The game lasted 00:26:43 (15338 turns).

hexophile the Severer (Minotaur Berserker)         Turns: 15338, Time: 00:26:43

Health: -11/128    AC: 26    Str: 27    XL:     15   Next: 36%
Magic:  14/14      EV: 13    Int:  4    God:    Trog [******]
Gold:   332        SH: 20    Dex: 16    Spells: 0 memorised, 14 levels left

rFire  + + .     SeeInvis +     x - +10 war axe "Qymaf" {speed, *Drain rF+ Str+3}
rCold  + . .     Clarity  +     R - +4 plate armour {rC+}
rNeg   . . .     SustAt   .     Z - +0 large shield
rPois  +         Gourm    .     (helmet restricted)
rElec  .         Spirit   .     b - +0 cloak
rCorr  .         Warding  .     I - +2 pair of gloves {rF+}
rMut   .         Stasis   .     d - +0 pair of boots
MR     +++..                    W - amulet of clarity
Stlth  ..........               Q - ring of see invisible
                                E - ring of poison resistance

@: exhausted, regenerating, slowed, very slow, extremely resistant to hostile
enchantments, extremely unstealthy
A: retaliatory headbutt, horns 2, strong 1
a: Burn Spellbooks, Berserk, Trog's Hand, Brothers in Arms, Renounce Religion
}: 1/15 runes: gossamer


You were on level 1 of the Spider Nest.
You worshipped Trog.
Trog was exalted by your worship.
You were not hungry.

You visited 4 branches of the dungeon, and saw 23 of its levels.
You also visited: Labyrinth and Volcano.

You collected 2038 gold pieces.
You spent 1706 gold pieces at shops.


Innate Abilities, Weirdness & Mutations

You reflexively headbutt those who attack you in melee.
You have a pair of horns on your head.
Your muscles are strong. (Str +2)

Inventory:

Hand weapons
 j - a +2 antimagic broad axe
 x - the +10 war axe "Qymaf" (weapon) {speed, *Drain rF+ Str+3}
   (You acquired it on level 6 of the Dungeon)

   Attacks with this weapon are significantly faster.
   It affects your strength (+3).
   It protects you from fire.
   It causes draining when unequipped.
 y - a +3 antimagic war axe
 X - a cursed -3 war axe
Armour
 b - a +0 cloak (worn)
 d - a +0 pair of boots (worn)
 I - a +2 pair of gloves of fire resistance (worn)
 R - a +4 plate armour of cold resistance (worn)
 Z - a +0 large shield (worn)
Jewellery
 a - a +2 ring of protection {unknown}
 l - an uncursed ring of protection from cold
 q - an uncursed ring of protection from fire
 D - a +2 ring of evasion
 E - a ring of poison resistance (left hand)
 Q - a ring of see invisible (right hand)
 W - an amulet of clarity (around neck)
Magical devices
 i - a wand of disintegration (9)
 o - a wand of digging (8)
 r - a wand of digging (10)
 L - a wand of draining (6)
 Y - a wand of paralysis (3)
Scrolls
 g - 4 scrolls of blinking
 h - 3 scrolls of teleportation
 m - a scroll of enchant weapon
 C - 2 scrolls of remove curse
 K - a scroll of immolation
 N - 3 scrolls of enchant armour
 O - a scroll of fear
 P - a scroll of silence
Potions
 e - 5 potions of curing
 f - a potion of resistance
 u - 2 potions of cure mutation {!q}
 w - 2 potions of cancellation
 B - 4 potions of might
 J - a potion of berserk rage
 M - a potion of experience {unknown}
Books
 n - a book of Maledictions

   Spells                             Type                      Level
   a - Corona                         Hexes                        1
   b - Ensorcelled Hibernation        Hexes/Ice                    2
   c - Confuse                        Hexes                        3
   d - Tukima's Dance                 Hexes                        3
   e - Dazzling Spray                 Conjuration/Hexes            3
   Trog disapproves of the use of such an item.
 v - a book of Callings

   Spells                             Type                      Level
   a - Summon Small Mammal            Summoning                    1
   b - Call Imp                       Summoning                    2
   c - Call Canine Familiar           Summoning                    3
   d - Summon Guardian Golem          Hexes/Summoning              3
   e - Summon Lightning Spire         Summoning/Air                4
   f - Summon Ice Beast               Ice/Summoning                4
   Trog disapproves of the use of such an item.
 G - a book of Spatial Translocations

   Spells                             Type                      Level
   a - Apportation                    Translocation                1
   b - Blink                          Translocation                2
   c - Shroud of Golubria             Charms/Translocation         2
   d - Portal Projectile              Translocation                3
   e - Teleport Other                 Translocation                3
   f - Passage of Golubria            Translocation                4
   Trog disapproves of the use of such an item.
 H - a book of Maledictions

   Spells                             Type                      Level
   a - Corona                         Hexes                        1
   b - Ensorcelled Hibernation        Hexes/Ice                    2
   c - Confuse                        Hexes                        3
   d - Tukima's Dance                 Hexes                        3
   e - Dazzling Spray                 Conjuration/Hexes            3
   Trog disapproves of the use of such an item.
 S - a book of Debilitation

   Spells                             Type                      Level
   a - Corona                         Hexes                        1
   b - Slow                           Hexes                        2
   c - Gell's Gravitas                Hexes/Translocation          3
   d - Inner Flame                    Hexes/Fire                   3
   e - Cause Fear                     Hexes                        4
   f - Leda's Liquefaction            Hexes/Earth                  4
   Trog disapproves of the use of such an item.
 U - a Grand Grimoire

   Spells                             Type                      Level
   a - Monstrous Menagerie            Summoning                    6
   b - Summon Greater Demon           Summoning                    7
   c - Malign Gateway                 Summoning/Translocation      7
   d - Summon Horrible Things         Summoning                    8
   Trog disapproves of the use of such an item.
Comestibles
 c - 2 bread rations
 p - 2 royal jellies
 s - 7 fruits
 t - 3 beef jerkies
 z - 6 meat rations
 F - 7 slices of pizza


You had 14 spell levels left.
You didn't know any spells.


   Skills:
 - Level 10.8 Fighting
 * Level 20.0 Axes
 + Level 13.3 Armour
 + Level 12.5 Dodging
 + Level 13.1 Shields

Dungeon Overview and Level Annotations

Branches:
Dungeon (10/15)            Temple (0/1) D:6            Lair (5/8) D:8
 Spider (4/4) Lair:5          Orc (4/4) D:10            Elf (0/3) Orc:3
  Swamp: Lair:3-6    Shoals: Lair:3-6

Altars:
Ashenzari
Cheibriados
Elyvilon
Gozag
Makhleb
Nemelex Xobeh
Ru
Sif Muna
Yredelemnul
The Shining One
Beogh

Shops:
D:6 *   D:10 [   Orc:2 [   Orc:4 ?(=[

Annotations:
D:8 exclusion: 2 doors

Vault maps used:
D:1:      elethiomel_arrival_infinity_welcomes_careful_drivers
D:2:      lemuel_coloured_pillars_altar, uniq_robin, uniq_jessica, uniq_terence
D:3:      cheibriados_altar_1, first_bread
D:4:      minitemple, uniq_sigmund
D:5:      led_sif_book, serial_bayou_crossing
D:6:      elyvilon_altar_1, nicolae_gozag_zags_fifth_avenue, vehumet_crystals,
          minmay_temple_entry_trees, uniq_duvessa
D:7:      nemelex_deck, uniq_joseph
D:8:      lemuel_round_altar, erik_lair_dragon, basic_altar, hangedman_ranch
D:9:      kennysheep_mini, serial_ice, serial_ice_k, serial_ice_h, serial_ice_e,
          serial_ice_a, serial_ice_n, serial_ice_m, serial_ice_o
D:10:     minmay_four_partial_circles, serial_shops, nicolae_shop_waterfront,
          uniq_psyche
Lair:1:   lab_entry_generic, grunt_megastairs_2, infiniplex_staircase_pool_2,
          uniq_sonja
Lair:2:   minmay_another_anthill, bh_autumn_forest_stairs
Lair:5:   boulder_dual_corridor_run, spider_nest_entry_webs
Spider:1: spiders_nest_scorpion_pit
Spider:3: uniq_louise, uniq_donald, uniq_aizul
Spider:4: grunt_spider_rune_circles, spider_trap, uniq_arachne, uniq_wiglaf
Orc:1:    cheibrodos_orc_bank, nicolae_volcano_entry_batcave
Orc:2:    nicolae_orc_accident_3, serial_shops, shop
Orc:3:    nicolae_orc_pool_cavern, uniq_snorg, uniq_nessos, uniq_erolcha
Orc:4:    grunt_orc_tribal_feast, basic_altar
Lab:      labyrinth_hidden_loot, labyrinth_skeletal_remains
Volcano:  volcano_caves

Vault maps used:
D:1:      elethiomel_arrival_infinity_welcomes_careful_drivers
D:2:      lemuel_coloured_pillars_altar, uniq_robin, uniq_jessica, uniq_terence
D:3:      cheibriados_altar_1, first_bread
D:4:      minitemple, uniq_sigmund
D:5:      led_sif_book, serial_bayou_crossing
D:6:      elyvilon_altar_1, nicolae_gozag_zags_fifth_avenue, vehumet_crystals,
          minmay_temple_entry_trees, uniq_duvessa
D:7:      nemelex_deck, uniq_joseph
D:8:      lemuel_round_altar, erik_lair_dragon, basic_altar, hangedman_ranch
D:9:      kennysheep_mini, serial_ice, serial_ice_k, serial_ice_h, serial_ice_e,
          serial_ice_a, serial_ice_n, serial_ice_m, serial_ice_o
D:10:     minmay_four_partial_circles, serial_shops, nicolae_shop_waterfront,
          uniq_psyche
Lair:1:   lab_entry_generic, grunt_megastairs_2, infiniplex_staircase_pool_2,
          uniq_sonja
Lair:2:   minmay_another_anthill, bh_autumn_forest_stairs
Lair:5:   boulder_dual_corridor_run, spider_nest_entry_webs
Spider:1: spiders_nest_scorpion_pit
Spider:3: uniq_louise, uniq_donald, uniq_aizul
Spider:4: grunt_spider_rune_circles, spider_trap, uniq_arachne, uniq_wiglaf
Orc:1:    cheibrodos_orc_bank, nicolae_volcano_entry_batcave
Orc:2:    nicolae_orc_accident_3, serial_shops, shop
Orc:3:    nicolae_orc_pool_cavern, uniq_snorg, uniq_nessos, uniq_erolcha
Orc:4:    grunt_orc_tribal_feast, basic_altar
Lab:      labyrinth_hidden_loot, labyrinth_skeletal_remains
Volcano:  volcano_caves
You       could see 2 orb spiders.


Message History

Trog accepts your kill.
You hit the redback. You slice the redback!!
You kill the redback!
Trog accepts your kill. You block the jumping spider's attack.
The jumping spider closely misses you. You block the redback's attack.
A wolf spider comes into view.
Eat which item? (? for menu, Esc to quit)
You feel less exhausted.
The wolf spider hisses angrily.
The jumping spider pounces on you but does no damage.
You block the jumping spider's attack. You block the redback's attack.
The jumping spider pounces on you!
* * * LOW HITPOINT WARNING * * *
The jumping spider bites you but does no damage.
You continue eating.
The redback bites you.
* * * LOW HITPOINT WARNING * * *
You block the redback's attack. You block the jumping spider's attack.
You block the jumping spider's attack. The redback barely misses you.
You continue eating.
You block the redback's attack. You block the jumping spider's attack.
The jumping spider closely misses you.
The redback bites you but does no damage.
The redback closely misses you. You furiously retaliate!
You headbutt the redback. You block the jumping spider's attack.
The jumping spider bites you but does no damage.
You finish eating.
That royal jelly was delicious!
You hit the jumping spider. You hit the redback. You slash the redback!
You block the redback's attack. x2
The jumping spider leaps!
Drink which item? (? for menu, Esc to quit)
You feel much better.
The redback bites you but does no damage. x2
You block the wolf spider's attack. The wolf spider barely misses you.
The redback bites you but does no damage.
A red film seems to cover your vision as you go berserk!
You feel yourself moving faster!
You feel mighty!
You feel somewhat more hungry. The redback barely misses you.
You furiously retaliate!
You headbutt the redback!
The wolf spider hits you but does no damage.
You block the wolf spider's attack.
The redback bites you but does no damage.
The redback closely misses you. You block the wolf spider's attack.
The wolf spider misses you.
You slice the redback!!
You kill the redback!
Trog accepts your kill.
You slice the wolf spider!! You closely miss the redback.
The redback closely misses you.
You completely miss the redback. You headbutt the redback!
You kill the redback!
Trog accepts your kill.
You slice the wolf spider!! You slash the wolf spider!
The jumping spider leaps!
The wolf spider hits you. You block the wolf spider's attack.
You slash the wolf spider! You barely miss the wolf spider.
The orb spider weaves a glowing orb of energy.
The wolf spider closely misses you. You furiously retaliate!
You headbutt the wolf spider! You block the wolf spider's attack.
You hit the wolf spider. You slice the wolf spider!!
The wolf spider closely misses you. You block the wolf spider's attack.
You slice the wolf spider!!
You feel the power of Trog in you as your rage grows.
You kill the wolf spider!
Trog accepts your kill.
You slash the wolf spider!
You kill the wolf spider!
Trog accepts your kill.
Your Axes skill increases to level 20!
You block the orb of destruction.
The orb of destruction dissipates.
The orb spider weaves a glowing orb of energy.
You feel a strong urge to attack something.
You slash the orb spider! You closely miss the orb spider.
You feel a strong urge to attack something.
The orb of destruction hits a rock wall.
The rock wall explodes into countless fragments.
You completely miss the orb spider. You headbutt the orb spider!!
You slice the orb spider!!
You kill the orb spider!
Trog accepts your kill.
The orb spider spins a strand of pure energy.
You feel a strong urge to attack something.
You are no longer berserk.
You are exhausted.
You feel yourself slow down.
The orb spider begins to weave its threads into a brightly glowing ball.
You see here a thick hardcover book.
The orb spider weaves a glowing orb of energy.
Found an escape hatch in the floor.
The orb spider spins a strand of pure energy.
The orb of destruction hits you!
The orb spider weaves a glowing orb of energy.
Unknown command.
The wavering orb of destruction hits you!
* * * LOW HITPOINT WARNING * * *
The orb spider weaves a glowing orb of energy.
The orb of destruction hits you!
You die...

Action                   |  1- 3 |  4- 6 |  7- 9 | 10-12 | 13-15 || total
-------------------------+-------+-------+-------+-------+-------++-------
Melee: Hand axe          |    55 |   149 |   105 |       |       ||   309
       War axe           |       |       |   124 |   576 |   851 ||  1551
Invok: Trog's Hand       |     1 |     1 |     2 |     6 |    12 ||    22
       Berserk           |     1 |     1 |     1 |     5 |     6 ||    14
       Brothers in Arms  |       |       |       |     2 |       ||     2
Evoke: Wand              |       |       |       |     1 |       ||     1
  Use: Scroll            |       |       |    14 |     8 |     5 ||    27
       Potion            |       |       |     6 |     2 |    13 ||    21
 Stab: Sleeping          |     1 |       |       |       |       ||     1
       Invisible         |       |       |       |     2 |       ||     2
       Held in net/web   |       |       |       |       |     1 ||     1
  Eat: Chunk             |     1 |     7 |     5 |    20 |     2 ||    35
       Bread ration      |       |       |     1 |     1 |     3 ||     5
       Pizza             |       |       |     1 |       |       ||     1
       Fruit             |       |       |       |     4 |     5 ||     9
       Royal jelly       |       |       |       |       |     1 ||     1

Notes
Turn   | Place    | Note
--------------------------------------------------------------
     0 | D:1      | hexophile the Minotaur Berserker began the quest for the Orb.
     0 | D:1      | Reached XP level 1. HP: 19/19 MP: 0/0
   130 | D:1      | Reached skill level 4 in Axes
   446 | D:1      | Reached XP level 2. HP: 20/27 MP: 1/1
   952 | D:1      | Acquired Trog's second power
  1071 | D:1      | Reached XP level 3. HP: 33/33 MP: 2/2
  1333 | D:2      | Noticed Jessica
  1339 | D:2      | Noticed Robin
  1346 | D:2      | Killed Robin
  1349 | D:2      | Killed Jessica
  1349 | D:2      | Reached skill level 5 in Axes
  1349 | D:2      | Reached XP level 4. HP: 41/41 MP: 3/3
  1419 | D:2      | Noticed Terence
  1433 | D:2      | Killed Terence
  1433 | D:2      | Reached skill level 5 in Fighting
  1540 | D:2      | Found a sacrificial altar of Ru.
  1627 | D:2      | Reached XP level 5. HP: 46/48 MP: 4/4
  1853 | D:2      | Reached skill level 6 in Axes
  2213 | D:3      | Found a snail-covered altar of Cheibriados.
  2468 | D:4      | Noticed Sigmund
  2471 | D:4      | Reached XP level 6. HP: 53/57 MP: 5/5
  2482 | D:4      | Killed Sigmund
  2482 | D:4      | Reached skill level 7 in Axes
  2698 | D:4      | Reached XP level 7. HP: 57/64 MP: 6/6
  2789 | D:4      | Noticed an ogre
  2797 | D:4      | Killed an ogre
  2869 | D:4      | Reached skill level 8 in Axes
  3046 | D:4      | Found a shattered altar of Ashenzari.
  3052 | D:4      | Found a glowing golden altar of the Shining One.
  3260 | D:5      | Entered Level 5 of the Dungeon
  3289 | D:5      | Noticed 4thArraOfDagon's ghost (average NaBe)
  3304 | D:5      | Killed 4thArraOfDagon's ghost
  3339 | D:5      | Reached skill level 9 in Axes
  3371 | D:5      | Reached XP level 8. HP: 68/75 MP: 7/7
  3396 | D:5      | Acquired Trog's third power
  3926 | D:5      | Found a deep blue altar of Sif Muna.
  4085 | D:6      | Found a white marble altar of Elyvilon.
  4096 | D:6      | Identified a scroll of acquirement
  4099 | D:6      | Got a scorched war axe
  4100 | D:6      | Identified the +10 war axe "Qymaf" {speed, *Drain rF+ Str+3} (You acquired it on level 6 of the Dungeon)
  4151 | D:6      | Reached skill level 10 in Axes
  4220 | D:6      | Found an opulent altar of Gozag.
  4223 | D:6      | Found Gozag's Platinum Reserve.
  4304 | D:6      | Found a staircase to the Ecumenical Temple.
  4489 | D:6      | Reached skill level 10 in Fighting
  4547 | D:7      | Reached XP level 9. HP: 78/85 MP: 8/8
  4588 | D:7      | Reached skill level 11 in Axes
  4669 | D:7      | Found a sparkling altar of Nemelex Xobeh.
  4970 | D:7      | Reached skill level 1 in Shields
  5199 | D:7      | Noticed Joseph
  5205 | D:7      | Killed Joseph
  5314 | D:8      | Found a burning altar of Makhleb.
  5373 | D:8      | Reached skill level 12 in Axes
  5585 | D:8      | Reached XP level 10. HP: 74/94 MP: 9/9
  5632 | D:8      | Noticed a komodo dragon
  5637 | D:8      | Killed a komodo dragon
  5805 | D:8      | Noticed a komodo dragon
  5814 | D:8      | Killed a komodo dragon
  5814 | D:8      | Reached skill level 5 in Armour
  5817 | D:8      | Noticed a komodo dragon
  5828 | D:8      | Killed a komodo dragon
  5946 | D:8      | Noticed a komodo dragon
  5953 | D:8      | Killed a komodo dragon
  6104 | D:8      | Found a staircase to the Lair.
  6185 | D:8      | Found an opulent altar of Gozag.
  6353 | D:8      | Reached skill level 13 in Axes
  6359 | D:8      | Reached skill level 5 in Shields
  6404 | D:8      | Reached skill level 5 in Dodging
  6544 | D:9      | Received a gift from Trog
  6838 | D:9      | Found a basalt altar of Yredelemnul.
  7292 | D:10     | Entered Level 10 of the Dungeon
  7386 | D:10     | Found a staircase to the Orcish Mines.
  7422 | D:10     | Reached XP level 11. HP: 101/101 MP: 10/10
  7453 | D:10     | Noticed Psyche
  7469 | D:10     | Killed Psyche
  7535 | D:10     | Killed an unseen horror
  7535 | D:10     | Reached skill level 14 in Axes
  7873 | D:10     | Found Duptuh's Antique Armour Shoppe.
  7884 | D:10     | Bought a smoking leather armour for 252 gold pieces
  7884 | D:10     | Bought a bloodstained ring mail for 324 gold pieces
  7896 | D:10     | Identified the cursed +1 ring mail of the World {+Blink} (You bought it in a shop on level 10 of the Dungeon)
  7907 | D:10     | Identified the +1 leather armour of Waorieng {MP+9} (You bought it in a shop on level 10 of the Dungeon)
  8109 | Orc:1    | Entered Level 1 of the Orcish Mines
  8146 | Orc:2    | Found Siamapna's Armour Emporium.
  8162 | Orc:1    | Received a gift from Trog
  8191 | Orc:1    | Found a dark tunnel.
  8200 | Volcano  | Entered a volcano
  8472 | Orc:1    | Received a gift from Trog
  8728 | Orc:2    | Reached skill level 15 in Axes
  9119 | Orc:2    | Reached XP level 12. HP: 42/108 MP: 11/11
  9300 | Orc:3    | Noticed Erolcha
  9315 | Orc:3    | Killed Erolcha
  9364 | Orc:3    | Noticed Snorg
  9368 | Orc:3    | Noticed Nessos
  9372 | Orc:3    | Killed Snorg
  9383 | Orc:3    | Killed Nessos
  9427 | Orc:3    | Found a staircase to the Elven Halls.
  9596 | Orc:3    | Received a gift from Trog
  9978 | Orc:4    | Entered Level 4 of the Orcish Mines
  9990 | Orc:4    | Received a gift from Trog
 10017 | Orc:4    | Found a roughly hewn altar of Beogh.
 10264 | Orc:4    | Reached skill level 16 in Axes
 10479 | Orc:4    | Found Vebraacw's Armour Shoppe.
 10479 | Orc:4    | Found Xoot's Magic Scroll Shop.
 10484 | Orc:4    | Reached skill level 10 in Armour
 10529 | Orc:4    | Found Bareg's Jewellery Shoppe.
 10529 | Orc:4    | Found Gentiul's Antique Weapon Shop.
 10540 | Orc:4    | Bought a scroll of enchant armour for 112 gold pieces
 10540 | Orc:4    | Bought a scroll of enchant armour for 112 gold pieces
 10540 | Orc:4    | Bought a scroll of fear for 52 gold pieces
 10540 | Orc:4    | Bought a scroll of enchant armour for 112 gold pieces
 10540 | Orc:4    | Bought a scroll of silence for 112 gold pieces
 10544 | Orc:4    | Bought an uncursed ring of poison resistance for 360 gold pieces
 10547 | Orc:4    | Bought an uncursed ring of see invisible for 270 gold pieces
 10787 | Lair:1   | Entered Level 1 of the Lair of Beasts
 10845 | Lair:1   | Noticed Sonja
 10878 | Lair:1   | Killed Sonja
 10878 | Lair:1   | Received a gift from Trog
 10983 | Lair:1   | Found a labyrinth entrance.
 11042 | Lab      | Entered a labyrinth
 11259 | Lab      | Noticed a minotaur
 11269 | Lab      | Killed a minotaur
 11269 | Lab      | Reached XP level 13. HP: 106/115 MP: 12/12
 11363 | Lair:2   | Reached skill level 17 in Axes
 11370 | Lair:2   | Reached skill level 10 in Shields
 12370 | Lair:5   | Reached skill level 10 in Dodging
 12448 | Lair:5   | Found a hole to the Spider Nest.
 12668 | Spider:1 | Entered Level 1 of the Spider Nest
 12732 | Spider:1 | Received a gift from Trog
 12927 | Spider:1 | Noticed an emperor scorpion
 12950 | Spider:1 | Killed an emperor scorpion
 12960 | Spider:1 | Noticed an emperor scorpion
 12991 | Spider:1 | Killed an emperor scorpion
 13330 | Spider:1 | Reached skill level 18 in Axes
 13526 | Spider:2 | Noticed a ghost moth
 13536 | Spider:2 | Killed a ghost moth
 13561 | Spider:2 | Reached XP level 14. HP: 88/122 MP: 3/13
 13600 | Spider:3 | Noticed Louise
 13614 | Spider:3 | Killed Louise
 13634 | Spider:3 | Noticed Donald
 13668 | Spider:3 | Killed Donald
 13770 | Spider:3 | Gained mutation: Your muscles are strong. (Str +2) [potion of beneficial mutation]
 14157 | Spider:3 | Received a gift from Trog
 14295 | Spider:3 | Noticed a ghost moth
 14307 | Spider:3 | Killed a ghost moth
 14451 | Spider:4 | Entered Level 4 of the Spider Nest
 14484 | Spider:4 | Noticed an emperor scorpion
 14504 | Spider:4 | Killed an emperor scorpion
 14560 | Spider:4 | Reached skill level 19 in Axes
 14664 | Spider:4 | Noticed an emperor scorpion
 14695 | Spider:4 | Killed an emperor scorpion
 14738 | Spider:4 | Noticed an emperor scorpion
 14774 | Spider:4 | Killed an emperor scorpion
 14778 | Spider:4 | Noticed a ghost moth
 14778 | Spider:4 | Noticed an emperor scorpion
 14778 | Spider:4 | Noticed an emperor scorpion
 14789 | Spider:4 | Killed a ghost moth
 14800 | Spider:4 | Noticed a ghost moth
 14834 | Spider:4 | Killed an emperor scorpion
 14838 | Spider:4 | Killed an emperor scorpion
 14911 | Spider:4 | Noticed a ghost moth
 14918 | Spider:4 | Killed a ghost moth
 14918 | Spider:4 | Reached XP level 15. HP: 92/128 MP: 0/14
 14922 | Spider:4 | Killed a ghost moth
 14931 | Spider:4 | Noticed an emperor scorpion
 14950 | Spider:4 | Killed an emperor scorpion
 14956 | Spider:4 | Got a gossamer rune of Zot
 15157 | Spider:1 | Received a gift from Trog
 15171 | Spider:1 | HP: 19/128 [wolf spider (7)]
 15172 | Spider:1 | HP: 7/128 [wolf spider (10)]
 15320 | Spider:1 | Reached skill level 20 in Axes
 15338 | Spider:1 | Blown up by an orb spider

Table legend:
 A = Turns spent in this place as a percentage of turns spent in the entire game.
 B = Non-inter-level travel turns spent in this place as a percentage of non-inter-level travel turns spent in the entire game.
 C = Inter-level travel turns spent in this place as a percentage of turns spent in this place.
 D = Turns resting spent in this place as a percentage of non-inter-level travel turns spent in this place.
 E = Turns spent auto-exploring this place as a percentage of non-inter-level travel turns spent in this place.
 F = Non-inter-level travel turns spent in this place divided by the number of levels of this place that you've seen.
                   A       B       C       D       E      F
               +-------+-------+-------+-------+-------+----------------------
         Total | 100.0 | 100.0 |   0.4 |   1.9 |   9.4 | 255.7
       Dungeon |  41.0 |  40.9 |   0.5 |   2.1 |  14.2 | 261.5
          Lair |  10.7 |  10.8 |   0.1 |   0.7 |   8.4 | 137.6
   Spider Nest |  26.6 |  26.6 |   0.3 |   1.5 |   3.3 | 425.8
  Orcish Mines |  15.5 |  15.5 |   0.5 |   2.9 |  11.5 | 247.8
     Labyrinth |   4.4 |   4.4 |   0.0 |   0.0 |   0.0 | 282.0
       Volcano |   1.8 |   1.8 |   0.0 |   5.3 |   0.0 | 114.0
               +-------+-------+-------+-------+-------+----------------------

Table legend:
 A = Kills in this place as a percentage of kills in entire the game.
 B = Kills by you in this place as a percentage of kills by you in the entire game.
 C = Kills by friends in this place as a percentage of kills by friends in the entire game.
 D = Other kills in this place as a percentage of other kills in the entire game.
 E = Experience gained in this place as a percentage of experience gained in the entire game.
 F = Experience gained in this place divided by the number of levels of this place that you have seen.
                   A       B       C       D       E      F
               +-------+-------+-------+-------+-------+----------------------
         Total | 100.0 | 100.0 | 100.0 | 100.0 | 100.0 | 4845.6
       Dungeon |  36.6 |  36.7 |   0.0 |  50.0 |  11.6 | 1408.8
          Lair |   8.6 |   8.7 |   0.0 |   0.0 |  10.4 | 2518.2
   Spider Nest |  22.6 |  22.6 |   0.0 |  50.0 |  59.3 | 17959.0
  Orcish Mines |  31.1 |  30.9 | 100.0 |   0.0 |  15.0 | 4552.8
     Labyrinth |   0.3 |   0.3 |   0.0 |   0.0 |   1.1 | 1345.0
       Volcano |   0.8 |   0.9 |   0.0 |   0.0 |   2.5 | 3069.0
               +-------+-------+-------+-------+-------+----------------------

Vanquished Creatures
  Donald (Spider:3)
  Louise (Spider:3)
  5 ghost moths
  8 emperor scorpions
  Nessos (Orc:3)
  Snorg (Orc:3)
  A minotaur (Lab)
  Erolcha (Orc:3)
  3 entropy weavers
  3 orc high priests (Orc:4)
  Sonja (Lair:1)
  An unseen horror (D:10)
  A hornet (Spider:1)
  3 orc sorcerers (Orc:4)
  12 orb spiders
  6 orc knights
  23 wolf spiders
  7 elephants
  6 salamanders (Volcano)
  A centaur zombie (D:10)
  Joseph (D:7)
  2 torpor snails
  Psyche (D:10)
  3 black mambas
  5 demonic crawlers
  6 komodo dragons
  2 fire drakes
  2 spiny frogs
  A two-headed ogre (D:9)
  A minotaur zombie (Lab)
  24 jumping spiders
  A polar bear (D:9)
  3 trolls
  2 boulder beetles (Spider:3)
  19 trapdoor spiders
  Sigmund (D:4)
  11 yaks
  24 redbacks
  The ghost of 4thArraOfDagon the Chopper, an average NaBe of Trog (D:5)
  A wyvern (D:10)
  16 tarantellas
  3 fire bats (Orc:1)
  A hungry ghost (D:9)
  A steam dragon (D:8)
  3 wolves (D:9)
  A warg (Orc:2)
  2 water moccasins (Lair:1)
  4 hippogriffs
  5 porcupines
  2 phantoms
  15 spiders
  2 sky beasts
  A wasp (Spider:3)
  5 centaurs
  11 ogres
  21 orc warriors
  An ice beast (D:7)
  4 crocodiles
  3 big kobolds (D:8)
  9 giant frogs
  6 scorpions
  A wyvern skeleton (D:10)
  7 killer bees
  An electric eel (D:9)
  2 quasits
  8 wights (D:7)
  3 crimson imps
  4 hounds
  3 jellies
  14 orc priests
  A wasp zombie (D:8)
  A giant frog skeleton (D:8)
  A centaur skeleton (D:10)
  30 orc wizards
  A wyvern simulacrum (D:9)
  7 iguanas
  Jessica (D:2)
  Terence (D:2)
  11 worker ants
  9 sheep
  A hound zombie (D:10)
  Robin (D:2)
  8 gnolls
  9 river rats
  10 adders
  2 shadow imps (D:10)
  A worker ant simulacrum (D:9)
  7 ufetubi (D:9)
  3 white imps (D:9)
  An ooze (D:1)
  An adder zombie (D:7)
  2 adder skeletons
  3 worms
  An adder simulacrum (D:9)
  151 orcs
  2 ball pythons
  7 giant cockroaches
  16 goblins
  9 hobgoblins
  15 jackals
  7 quokkas
  A ball python skeleton (D:5)
  4 bats
  4 giant geckos
  A giant newt (D:4)
  10 kobolds
  A quokka skeleton (D:4)
  6 rats
  2 fungi
  2 plants
707 creatures vanquished.

Vanquished Creatures (collateral kills)
  An orc warrior (Orc:4)
  2 orc wizards (Orc:4)
3 creatures vanquished.

Vanquished Creatures (others)
  A trapdoor spider (Spider:1)
  A giant frog skeleton (D:10)
  An ufetubus (D:9)
  A plant (Lair:1)
4 creatures vanquished.

Grand Total: 714 creatures vanquished
